 Dungeon Crawl Stone Soup version 0.31.0-9-g3a7656b989 (webtiles) character file.

Game seed: 4414707900746232775

53 qw the Shooter (level 3, -1/18 HPs)
             Began as a Spriggan Hunter on Feb 2, 2024.
             Slain by Jessica
             ... wielding a +0 dagger of venom
              (4 damage)
             ... on level 2 of the Dungeon.
             The game lasted 00:00:02 (784 turns).

qw the Shooter (Spriggan Hunter)                     Turns: 784, Time: 00:00:03

Health: -1/18      AC:  2    Str:  7    XL:     3   Next: 62%
Magic:  4/4        EV: 19    Int: 10    God:
Gold:   65         SH:  0    Dex: 20    Spells: 2/2 levels left

rFire   . . .        a - +0 shortbow
rCold   . . .        (shield currently unavailable)
rNeg    . . .        c - +0 robe
rPois   .            (helmet restricted)
rElec   .            (no cloak)
rCorr   .            (gloves unavailable)
SInv    +            (boots unavailable)
Will    .....        (no amulet)
Stlth   ++           (no ring)
HPRegen 0.23/turn    (no ring)
MPRegen 0.09/turn

%: no passive effects
@: lethally poisoned (-1 -> -10), very quick
A: very small, no large weapons, unfitting armour, see invisible, speed 3
a: no special abilities


You were on level 2 of the Dungeon.
You visited 1 branch of the dungeon, and saw 2 of its levels.

You collected 65 gold pieces.


Innate Abilities, Weirdness & Mutations

You are very small and have problems with some larger weapons.
You are too small for most types of armour.
You have supernaturally acute eyesight. (SInv)
You cover ground extremely quickly. (Speed+++)


   Skills:
 - Level 1.5 Fighting
 + Level 4.9 Ranged Weapons
 - Level 4.0 Dodging
 - Level 1.5 Stealth


You had 2 spell levels left.
You didn't know any spells.
Your spell library was empty.

Inventory:

Hand Weapons
 a - a +0 shortbow (weapon)
Armour
 c - a +0 robe (worn)
Scrolls
 b - a scroll of brand weapon {unknown}
 d - a scroll of identify
Potions
 f - a potion of ambrosia {unknown}
 g - a potion of enlightenment {unknown}

Dungeon Overview and Level Annotations

Branches:
Dungeon (2/15)

Altars:

Annotations:
D:2 Jessica


Message History

You shoot an arrow. The arrow closely misses the adder.
The adder misses you. The adder bites you.
You shoot an arrow. The arrow hits the adder!
You kill the adder!
You start resting.
HP restored.
You now have 58 gold pieces (gained 11).
You see here an adder corpse.
You now have 65 gold pieces (gained 7).
b - a scroll labelled KITAYS TUOQULO
d - a scroll of identify A goblin comes into view.
It is wielding a +0 dagger.
You shoot an arrow. The arrow hits the goblin!
You kill the goblin!
You hear a shout!
Jessica the Apprentice Sorceress comes into view.
She is wielding a +0 dagger of venom.
You shoot an arrow. The arrow hits Jessica.
Jessica is moderately wounded.
You hear an angry hiss.
Jessica barely misses you.
You shoot an arrow. The arrow hits Jessica.
Jessica is moderately wounded.
An adder comes into view.
Jessica hits you with a +0 dagger of venom.
You are poisoned.
The adder moves out of view.
You shoot an arrow. The arrow barely misses Jessica.
You feel sick.
Jessica mumbles some strange words.
Jessica seems to speed up.
You shoot an arrow. The arrow closely misses Jessica.
You feel sick. Jessica closely misses you. Jessica completely misses you.
You shoot an arrow.
The arrow hits Jessica but does no damage.
Jessica is moderately wounded.
You feel sick.
Jessica hits you with a +0 dagger of venom.
You are lethally poisoned!
Jessica hits you with a +0 dagger of venom.
You die...

...# ..%##########
............#
............#
....%.......#
............# ####
............+ .....
............######.....#
#########.......@..#
#.#######@.# #.# ).# #.#
#... #. ##.# .# #


You could see Jessica (fast).

Vanquished Creatures
  A gnoll (D:1)
  2 adders (D:2)
  An endoplasm (D:1)
  A giant cockroach (D:1)
  3 hobgoblins (D:1)
  4 jackals (D:1)
  4 ball pythons
  2 frilled lizards
  3 goblins
  5 kobolds (D:1)
  2 rats (D:1)
28 creatures vanquished.

Notes
Turn   | Place    | Note
-------+----------+-------------------------------------------
     0 | D:1      | qw the Spriggan Hunter began the quest for the Orb.
     0 | D:1      | Reached XP level 1. HP: 10/10 MP: 2/2
     0 | D:1      | 0 ||| qw: Version: 0.3-a-155-g5e7d8dd
     0 | D:1      | 0 ||| qw: Game counter: 554
     0 | D:1      | 0 ||| qw: Melee chars always use a shield: true
     0 | D:1      | 0 ||| qw: God list: Okawaru
     0 | D:1      | 0 ||| qw: Allow faded altars: false
     0 | D:1      | 0 ||| qw: Do Orc after clearing Dungeon:15 true
     0 | D:1      | 0 ||| qw: Do second Lair branch before Depths: true
     0 | D:1      | 0 ||| qw: Lair rune preference: random
     0 | D:1      | 0 ||| qw: Goals: Normal
     0 | D:1      | 0 ||| PLANNING D:1-11
    15 | D:1      | Reached skill level 3 in Dodging
   100 | D:1      | Reached XP level 2. HP: 13/14 MP: 3/3
   357 | D:1      | Reached XP level 3. HP: 18/18 MP: 4/4
   704 | D:1      | 704 ||| READING scroll labelled ASIFIDW ISHRYFF.
   704 | D:1      | 704 ||| ENCHANTING +0 shortbow.
   705 | D:1      | 705 ||| READING scroll labelled MUIGAE QICUFF.
   708 | D:1      | 708 ||| READING scroll labelled XEZULI SISEBIZ.
   708 | D:1      | 708 ||| IDENTIFYING murky white potion
   709 | D:1      | 709 ||| DROPPING scroll of butterflies.
   710 | D:1      | 710 ||| DROPPING potion of lignification.
   779 | D:2      | Noticed Jessica
   784 | D:2      | HP: 3/18 [Jessica/+0 dagger of venom (5)]
   784 | D:2      | Slain by Jessica

Levels and vault maps discovered:
D:1:      scummos_arrival_forest, layout_loops_ring, minmay_misc_feat_room,
          st_stairs_13
D:2:      layout_basic, uniq_jessica

Skill      XL: |  1  2 |
---------------+-------+-----
Dodging        | 3 4 |  4.0
Fighting       | |  1.5
Ranged Weapons | |  4.9
Stealth        | |  1.5

Action                     || total
---------------------------++-------
   Fire: Shortbow          ||   101
    Use: Scroll            ||     3
 Armour: Robe              ||    17
  Dodge: Dodged            ||    40

Table legend:
 A = Non-vault XP
 B = Vault XP
 C = Vault XP percentage of total XP
 D = Non-vault monster count
 E = Vault monster count
 F = Vault count percentage of total count
                 A         B        C        D         E       F
            +---------+---------+-------+---------+---------+-------
      Total |      74 |       2 |   2.6 |      27 |       1 |   3.6
            +---------+---------+-------+---------+---------+-------
        D:1 |      45 |       2 |   4.3 |      22 |       1 |   4.3
        D:2 |      29 |       0 |   0.0 |       5 |       0 |   0.0
            +---------+---------+-------+---------+---------+-------
